 Dungeon Crawl Stone Soup version 0.29-a0-723-gce39da1c22 (webtiles) character file.

Game seed: 17611508093140480225

86317 Armakuni the Bludgeoner (level 16, -6/92 (151) HPs)
             Began as a Meteoran Wanderer on June 28, 2022.
             Was a High Priest of the Shining One.
             Mangled by an orc warrior
             ... wielding a +0 halberd
              (12 damage)
             ... on level 2 of the Orcish Mines.
             The game lasted 00:55:34 (15968 turns).

Armakuni the Bludgeoner (Meteoran Wanderer)        Turns: 15968, Time: 00:55:34

HP:   -6/92 (151)   AC: 24    Str: 25    XL:     16   Next: 86%
MP:   19/19         EV: 15    Int: 27    God:    the Shining One [*****.]
Gold: 2614          SH:  7    Dex: 12    Spells: 13/17 levels left

rFire   + . .      SeeInvis .   a - +8 dire flail
rCold   + . .      Faith    .   (shield currently unavailable)
rNeg    + + +      Spirit   .   t - +7 swamp dragon scales
rPois   +          Reflect  .   (no helmet)
rElec   +          Harm     .   q - scarf {rC+ rF+}
rCorr   .          Rampage  .   A - +1 pair of gloves
Will    ++...                   y - +0 pair of boots
Stlth   +.........              R - amulet of regeneration
HPRegen 1.05/turn               V - +6 ring of strength
MPRegen 0.16/turn               E - ring of Qafeerawa {rElec rN+ Int+8}

@: mighty, divinely shielded, glowing, very heavily drained
A: sense surroundings 2, otherworldly, glowing, explore regen
a: Renounce Religion, Divine Shield, Cleansing Flame, Summon Divine Warrior


You were on level 2 of the Orcish Mines.
You worshipped the Shining One.
The Shining One was extremely pleased with you.
You visited 4 branches of the dungeon, and saw 24 of its levels.
You also visited: Sewer.

You collected 2934 gold pieces.
You spent 320 gold pieces at shops.

Inventory:

Hand Weapons
 a - a +8 dire flail (weapon)
 b - a +1 flail of holy wrath
 u - a +6 demon whip of electrocution
Missiles
 g - 2 throwing nets
Armour
 q - a scarf of resistance (worn)
 t - +7 swamp dragon scales (worn)
 y - a +0 pair of boots (worn)
 A - a +1 pair of gloves (worn)
Magical Staves
 G - a staff of cold
 M - a staff of earth
Jewellery
 s - an amulet of magic regeneration
 x - a ring of ice
 E - the ring of Qafeerawa (right hand) {rElec rN+ Int+8}
   (You found it on level 15 of the Dungeon)

   [ring of positive energy]

   Int:       It affects your intelligence (+8).
   rElec:     It insulates you from electricity.
   rN:        It protects you from negative energy.
 F - a ring of fire
 I - a ring of see invisible
 J - a +4 ring of evasion
 P - a ring of poison resistance
 R - an amulet of regeneration (around neck)
 V - a +6 ring of strength (left hand)
Wands
 m - a wand of mindburst (18)
 p - a wand of polymorph (11)
 v - a wand of flame (63)
 D - a wand of paralysis (10)
 H - a wand of acid (2)
 K - a wand of iceblast (7)
Scrolls
 f - 2 scrolls of blinking
 j - 4 scrolls of amnesia
 l - a scroll of immolation
 o - 5 scrolls of teleportation
 w - 10 scrolls of identify
 z - a scroll of noise
 L - a scroll of magic mapping
 N - a scroll of enchant armour
 X - 2 scrolls of silence
Potions
 c - 3 potions of brilliance
 d - 2 potions of cancellation
 e - 4 potions of heal wounds
 h - 3 potions of lignification
 i - 2 potions of mutation
 k - 6 potions of flight
 n - 9 potions of curing
 r - 3 potions of haste
 B - 3 potions of might
 C - 6 potions of ambrosia
Miscellaneous
 O - a tin of tremorstones (1/2)


   Skills:
 + Level 15.9 Fighting
 - Level 20.0 Maces & Flails
 + Level 18.3 Armour
 - Level 10.0 Dodging
 - Level 1.0 Stealth
 - Level 1.3 Spellcasting
 - Level 3.5 Conjurations
 - Level 1.2 Air Magic
 - Level 2.0 Invocations
 - Level 5.0 Evocations


You had 13 spell levels left.
You knew the following spells:

 Your Spells              Type           Power      Damage    Failure   Level
a - Apportation           Tloc           2%         N/A       13%         1
z - Stone Arrow           Conj/Erth      22%        3d8       19%         3

Your spell library contained the following spells:

 Spells                   Type           Power      Damage    Failure   Level
 Shock                    Conj/Air       56%        1d6       4%          1
 Necrotize                Necr           4%         1d4       13%         1
 Summon Small Mammal      Summ           4%         N/A       13%         1
 Swiftness                Air            8%         N/A       24%         3
 Call Canine Familiar     Summ           1%         N/A       36%         3
 Inner Flame              Hex/Fire       1%         N/A       36%         3
 Portal Projectile        Hex/Tloc       2%         N/A       36%         3
 Vampiric Draining        Necr           1%         2d6       36%         3
 Airstrike                Air            4%         N/A       63%         4
 Animate Armour           Summ/Erth      2%         N/A       78%         4
 Cause Fear               Hex            0%         N/A       78%         4
 Leda's Liquefaction      Hex/Erth       0%         N/A       78%         4
 Agony                    Necr           1%         N/A       98%         5
 Alistair's Intoxication  Tmut/Pois      0%         N/A       98%         5
 Lee's Rapid Deconstruct  Erth           0%         3d5*      98%         5
 Dispersal                Tloc           0%         N/A       100%        6
 Statue Form              Tmut/Erth      0%         N/A       100%        6
 Discord                  Hex            0%         N/A       100%        8
 Disjunction              Tloc           0%         N/A       100%        8
 Lehudib's Crystal Spear  Conj/Erth      5%         10d3      100%        8


Dungeon Overview and Level Annotations

Branches:
Dungeon (15/15) Zot: 52    Temple (1/1) D:6 Zot: 151    Lair (6/6) D:9 Zot: 8
 Spider (0/4) Lair:3          Orc (2/2) D:9 Zot: 888  Depths (0/4) D:15
  Sewer (visited)
  Swamp: Lair:2-4    Shoals: Lair:2-4     Slime: Lair:5-6       Elf: Orc:2
 Vaults: D:13-14

Altars:
Ashenzari
Cheibriados
Dithmenos
Elyvilon
Fedhas
Gozag
Hepliaklqana
Kikubaaqudgha
Makhleb
Nemelex Xobeh
Okawaru
Qazlal
Ru
Sif Muna
Trog
Uskayaw
Vehumet
Wu Jian
Xom
Yredelemnul
Zin
The Shining One

Shops:
D:6 *

Annotations:
Orc:1 Jorgrun


Innate Abilities, Weirdness & Mutations

You passively map the area around you.
You are easily found by Zot.
You glow in the dark.
You regain HP and MP as you explore.


Message History

The orc warrior barely misses you.
The orc warrior hits you from afar with a +0 halberd!!
The orc knight unwields a +0 arbalest.
The orc knight wields a +0 broad axe.
You block the orc knight's attack.
You impale the orc knight!!
The orc knight is severely wounded.
You impale the orc knight!!
You kill the orc knight!
You block the orc warrior's attack. x2
You puncture the orc warrior!
You kill the orc warrior!
You block the orc warrior's attack.
You hit the orc warrior.
The orc warrior is lightly wounded.
You bludgeon the orc warrior!!
You kill the orc warrior!
You block the orc warrior's attack.
The orc warrior hits you with a +0 great mace!
* * * LOW HITPOINT WARNING * * *
You impale the orc warrior!!
You kill the orc warrior!
The orc warrior misses you.
Items here: ))) [ ††.
You completely miss the orc warrior.
The orc warrior hits you but does no damage.
You bludgeon the orc warrior!!
The orc warrior is severely wounded.
The orc warrior hits you with a +0 halberd!!
* * * LOW HITPOINT WARNING * * *
You hit the orc warrior.
The orc warrior is almost dead.
You hit the orc warrior.
The orc warrior is almost dead.
You block the orc warrior's attack.
You barely miss the orc warrior.
The orc warrior is almost dead.
You barely miss the orc warrior.
The orc warrior is almost dead.
The orc warrior hits you with a +0 halberd!
You die...

, #...........≈≈ , ,
#..#......... .... ,
#.)##.o....,,, ≈
......*
#...##o.##..##,
.......
##...o.)...... ,, ,
.......
##..))......... ,
......###
#..))##########
......#.## ##.)o)# *
, .#.......##
###.@## * * * ,
..........###...).##
*, *
..........#........#
* ,
..................##
* , ,
.................##
* ................##
* * *
....≈≈≈≈≈≈≈≈≈..## *
,, , ,,
....≈#######≈...# *,
, , , ,,
....≈#)...(#≈..## ,*
**,


You could see an orc warrior (strong).

Vanquished Creatures
  Azrael (D:15)
  10 hydras
  Harold (Lair:2)
  Erolcha (D:10)
  3 two-headed ogres
  3 catoblepae (Lair:6)
  3 centaur warriors
  A two-headed ogre (shapeshifter) (D:14)
  15 death yaks
  A vampire mage (D:15)
  10 skeletal warriors
  A spark wasp zombie (D:15)
  A bog body (Lair:2)
  A necromancer (D:15)
  2 deep elf pyromancers (D:13)
  2 orc knights (Orc:2)
  9 ugly things
  A wolf spider (Lair:5)
  The ghost of NoAnimeNoLife the Carver, a novice MfGl of Gozag (D:6)
  6 manticores
  4 slime creatures
  3 cyclopes
  A sphinx skeleton (D:15)
  A water nymph (D:14)
  5 black mambas
  6 elephants
  The ghost of Zebulonius the Thaumaturge, a novice DECj of Vehumet (D:6)
  Joseph (D:8)
  An ice statue (Lair:2)
  9 cane toads
  A torpor snail (Lair:5)
  7 rime drakes
  A gargoyle (D:12)
  10 komodo dragons
  Maggie (D:8)
  2 spriggan zombies (D:15)
  An unseen horror (D:11)
  A yaktaur (D:10)
  A freezing wraith (Lair:2)
  An ice devil (Lair:2)
  A queen bee (D:11)
  4 trolls
  A wind drake (shapeshifter) (D:15)
  3 polar bears
  A hornet (Lair:2)
  24 blink frogs
  2 dream sheep (Lair:3)
  A dire elephant simulacrum (Lair:2)
  2 culicivoras (Lair:3)
  4 jumping spiders (Lair:3)
  2 shadows
  A wraith (D:13)
  55 yaks
  6 wyverns
  2 basilisks
  3 steam dragons
  2 fire elementals (D:15)
  A redback (Lair:3)
  Menkaure (D:4)
  A death yak simulacrum (Lair:2)
  4 acid dragons
  Edmund (D:6)
  4 wargs (Orc:2)
  4 hell hounds (D:15)
  17 water moccasins
  4 sky beasts
  4 black bears
  3 ice beasts
  15 orc warriors
  20 wolves
  5 ogres
  12 centaurs
  2 phantoms (D:6)
  14 bullfrogs
  A gnoll sergeant (D:8)
  A necrophage (D:6)
  A two-headed ogre simulacrum (Lair:2)
  3 scorpions
  3 wights (D:8)
  41 killer bees
  An elephant simulacrum (Lair:2)
  5 howler monkeys
  8 electric eels
  2 lava snakes (Lair:1)
  4 orc priests
  A gnoll shaman (D:10)
  3 hounds
  Crazy Yiuf (D:6)
  4 iguanas
  7 orc wizards
  A spriggan simulacrum (Lair:2)
  A hell rat (Lair:5)
  A wolf simulacrum (Lair:2)
  11 adders
  14 gnolls
  A naga simulacrum (Lair:2)
  3 river rats (D:3)
  A white imp (D:8)
  3 ufetubi
  4 worms
  4 dart slugs
  43 orcs
  8 endoplasms
  16 giant cockroaches
  9 goblins
  4 hobgoblins
  2 jackals (D:1)
  9 quokkas
  17 ball pythons
  4 bats
  11 frilled lizards
  6 kobolds
  8 rats
624 creatures vanquished.

Vanquished Creatures (others)
  A yak (Lair:2)
  2 bushes (D:9)
  28 fungi
  53 plants
  2 withered plants (D:15)
86 creatures vanquished.

Grand Total: 710 creatures vanquished

Notes
Turn   | Place    | Note
-------+----------+-------------------------------------------
     0 | D:1      | Armakuni the Meteoran Wanderer began the quest for the Orb.
     0 | D:1      | Armakuni set off with the following items: a +0 club, a
                  | scroll of silence, a potion of brilliance, a +2 scale mail;
                  | and the following spell memorised: Shock; and the following
                  | spells available to memorise: Swiftness.
     0 | D:1      | Reached XP level 1. HP: 17/17 MP: 3/3
   110 | D:1      | Reached skill level 5 in Armour
   225 | D:1      | Found a faded altar of an unknown god.
   273 | D:1      | Reached XP level 2. HP: 24/24 MP: 5/5
   396 | D:1      | Reached XP level 3. HP: 27/29 MP: 6/6
   584 | D:1      | Reached skill level 1 in Maces & Flails
  1053 | D:1      | Reached skill level 2 in Maces & Flails
  1062 | D:1      | Reached XP level 4. HP: 31/36 MP: 7/7
  1085 | D:1      | Glimpsed the power of Zot.
  1152 | D:3      | Reached skill level 3 in Maces & Flails
  1167 | D:2      | Found a bloodstained altar of Trog.
  1335 | D:3      | Reached skill level 4 in Maces & Flails
  1335 | D:3      | Reached XP level 5. HP: 36/41 MP: 6/8
  1509 | D:3      | Found a glowing drain.
  1554 | D:3      | Reached skill level 1 in Conjurations
  1583 | Sewer    | Entered a sewer
  1589 | Sewer    | Reached skill level 5 in Maces & Flails
  1613 | Sewer    | Identified a scroll of acquirement
  1613 | Sewer    | Acquired 1156 gold pieces
  1679 | Sewer    | Reached XP level 6. HP: 47/48 MP: 9/9
  1952 | Sewer    | Reached XP level 7. HP: 52/57 MP: 10/10
  1984 | D:3      | Acquired a +3 demon whip of electrocution
  2641 | D:4      | Found a sacrificial altar of Ru.
  2648 | D:4      | Reached skill level 6 in Maces & Flails
  2654 | D:5      | Entered Level 5 of the Dungeon
  2833 | D:4      | Noticed Menkaure
  2841 | D:4      | Killed Menkaure
  2842 | D:4      | Reached skill level 7 in Maces & Flails
  2842 | D:4      | Reached XP level 8. HP: 52/64 MP: 11/11
  2880 | D:4      | Reached skill level 8 in Maces & Flails
  3117 | D:4      | Reached skill level 9 in Maces & Flails
  3475 | D:5      | Reached skill level 10 in Maces & Flails
  3640 | D:5      | Noticed a wyvern
  3648 | D:5      | Killed a wyvern
  3649 | D:5      | Gained mutation: You passively map the area around you.
                  | [Meteoran growth]
  3649 | D:5      | Reached XP level 9. HP: 61/70 MP: 12/12
  3677 | D:6      | Noticed Edmund
  3685 | D:6      | Killed Edmund
  3686 | D:6      | Reached skill level 11 in Maces & Flails
  3707 | D:6      | Found a runed translucent gate.
  3708 | D:6      | Found a runed translucent gate.
  3708 | D:6      | Found a runed translucent gate.
  3708 | D:6      | Noticed NoAnimeNoLife's ghost (novice MfGl)
  3708 | D:6      | Noticed Zebulonius's ghost (novice DECj)
  3721 | D:6      | Killed NoAnimeNoLife's ghost
  3722 | D:6      | Reached skill level 12 in Maces & Flails
  3722 | D:6      | Reached skill level 5 in Fighting
  3729 | D:6      | Killed Zebulonius's ghost
  3730 | D:6      | Reached skill level 5 in Dodging
  3793 | D:6      | Found a shimmering blue altar of Sif Muna.
  3899 | D:6      | Found a runed translucent door.
  3900 | D:6      | Noticed Crazy Yiuf
  3905 | D:6      | Killed Crazy Yiuf
  3995 | D:6      | Reached XP level 10. HP: 80/81 MP: 13/13
  3997 | D:6      | Found Pin Ucad's Neck Hole.
  4003 | D:6      | Bought a scarf of resistance for 320 gold pieces
  4341 | D:6      | Found a staircase to the Ecumenical Temple.
  4350 | Temple   | Entered the Ecumenical Temple
  4776 | Temple   | Became a worshipper of the Shining One
  4974 | D:7      | Glimpsed the power of Zot.
  5027 | D:7      | Glimpsed the power of Zot.
  5070 | D:7      | Glimpsed the power of Zot.
  5082 | D:7      | Touched by the power of Zot.
  5331 | D:7      | Reached skill level 1 in Evocations
  5450 | D:8      | Noticed Maggie
  5454 | D:8      | Killed Maggie
  5455 | D:8      | Reached skill level 10 in Armour
  5584 | D:8      | Learned a level 3 spell: Stone Arrow
  5825 | D:8      | Noticed Joseph
  5845 | D:8      | Killed Joseph
  5851 | D:8      | Reached * piety under the Shining One
  6106 | D:7      | Reached skill level 5 in Evocations
  6311 | D:9      | Reached skill level 13 in Maces & Flails
  6311 | D:9      | Reached skill level 1 in Invocations
  6324 | D:9      | Found a staircase to the Orcish Mines.
  6359 | D:10     | Entered Level 10 of the Dungeon
  6423 | D:9      | Reached XP level 11. HP: 86/86 MP: 14/14
  6548 | D:9      | Noticed a two-headed ogre
  6565 | D:9      | Reached skill level 14 in Maces & Flails
  6583 | D:9      | Killed a two-headed ogre
  6604 | D:9      | Found a staircase to the Lair.
  6888 | D:11     | Noticed a manticore
  6899 | D:11     | Killed a manticore
  6950 | D:10     | Noticed Erolcha
  6956 | D:10     | Killed Erolcha
  6957 | D:10     | Reached skill level 10 in Fighting
  7225 | D:9      | Noticed a skeletal warrior
  7225 | D:9      | Noticed a skeletal warrior
  7225 | D:9      | Noticed a skeletal warrior
  7225 | D:9      | Reached ** piety under the Shining One
  7245 | D:9      | Killed a skeletal warrior
  7246 | D:9      | Reached XP level 12. HP: 63/106 MP: 6/15
  7305 | D:10     | Killed a skeletal warrior
  7400 | D:9      | Killed a skeletal warrior
  7407 | D:9      | Noticed a skeletal warrior
  7597 | D:9      | Killed a skeletal warrior
  7700 | D:9      | Glimpsed the power of Zot.
  7736 | D:11     | Noticed a two-headed ogre
  7745 | D:11     | Killed a two-headed ogre
  7746 | D:11     | Reached skill level 10 in Dodging
  7916 | D:10     | Identified the +1 robe of Ru's Condemnation {rC+}
  8242 | D:10     | Identified the +2 ring mail of the Dungeon {Harm Int+2
                  | Dex+3}
  8288 | D:11     | Glimpsed the power of Zot.
  8340 | D:11     | Glimpsed the power of Zot.
  8384 | D:12     | Glimpsed the power of Zot.
  8393 | D:11     | Touched by the power of Zot.
  8502 | D:12     | Glimpsed the power of Zot.
  8552 | D:12     | Glimpsed the power of Zot.
  8564 | D:12     | Reached skill level 15 in Maces & Flails
  8594 | D:12     | Glimpsed the power of Zot.
  8604 | D:12     | Touched by the power of Zot.
  8688 | D:12     | You fall into a shaft and drop 3 floors!
  8688 | D:15     | Entered Level 15 of the Dungeon
  8703 | D:15     | Noticed a seven-headed hydra
  8711 | D:14     | Noticed a centaur warrior
  8788 | D:14     | Noticed a tengu warrior
  8813 | D:14     | Killed a centaur warrior
  8814 | D:14     | Reached XP level 13. HP: 36/77 MP: 5/16
  8843 | D:14     | Noticed a two-headed ogre
  8861 | D:14     | Killed a two-headed ogre
  8884 | D:14     | Noticed a six-headed hydra
  8896 | D:14     | Killed a six-headed hydra
  9114 | D:12     | Reached skill level 16 in Maces & Flails
 10301 | D:13     | Noticed a centaur warrior
 10308 | D:13     | Killed a centaur warrior
 10309 | D:13     | Reached skill level 17 in Maces & Flails
 10549 | D:15     | Reached XP level 14. HP: 75/121 MP: 8/17
 10603 | D:15     | Glimpsed the power of Zot.
 10653 | D:15     | Glimpsed the power of Zot.
 10697 | D:15     | Glimpsed the power of Zot.
 10707 | D:15     | Touched by the power of Zot.
 10720 | D:15     | Reached *** piety under the Shining One
 10734 | D:15     | Reached skill level 18 in Maces & Flails
 10783 | D:15     | Found a staircase to the Depths.
 10811 | D:15     | Reached skill level 15 in Armour
 10849 | D:15     | Glimpsed the power of Zot.
 10861 | D:15     | Identified the ring of Qafeerawa {rElec rN+ Int+8}
 10902 | D:15     | Glimpsed the power of Zot.
 10940 | D:15     | Noticed Azrael
 10945 | D:15     | Glimpsed the power of Zot.
 10955 | D:15     | Killed Azrael
 10956 | D:15     | Reached skill level 19 in Maces & Flails
 10960 | D:15     | Touched by the power of Zot.
 11059 | D:10     | Glimpsed the power of Zot.
 11076 | Lair:1   | Entered Level 1 of the Lair of Beasts
 11332 | Lair:1   | Reached skill level 20 in Maces & Flails
 11373 | Lair:1   | Reached **** piety under the Shining One
 12190 | Lair:2   | Noticed Harold
 12203 | Lair:2   | Killed Harold
 12292 | Lair:2   | Reached XP level 15. HP: 125/130 MP: 18/18
 12367 | Lair:2   | Learned a level 1 spell: Apportation
 12396 | Lair:2   | Reached ***** piety under the Shining One
 12520 | Lair:3   | Found a hole to the Spider Nest.
 13629 | Lair:6   | Entered Level 6 of the Lair of Beasts
 13629 | Lair:6   | Found the +10 Black Knight's barding {ponderous, rPois rN+}
 14309 | Lair:6   | Reached XP level 16. HP: 71/146 MP: 12/19
 14835 | Lair:6   | Glimpsed the power of Zot.
 14875 | Lair:6   | Reached skill level 15 in Fighting
 14888 | Lair:6   | Glimpsed the power of Zot.
 14934 | Lair:6   | Glimpsed the power of Zot.
 14944 | Lair:6   | Touched by the power of Zot.
 15047 | Lair:6   | Glimpsed the power of Zot.
 15113 | Lair:6   | Glimpsed the power of Zot.
 15172 | Lair:6   | Glimpsed the power of Zot.
 15182 | Lair:6   | Touched by the power of Zot.
 15284 | Lair:6   | Glimpsed the power of Zot.
 15337 | Lair:6   | Glimpsed the power of Zot.
 15381 | Lair:6   | Glimpsed the power of Zot.
 15391 | Lair:6   | Touched by the power of Zot.
 15490 | Lair:2   | Glimpsed the power of Zot.
 15540 | Lair:1   | Glimpsed the power of Zot.
 15580 | Lair:1   | Glimpsed the power of Zot.
 15600 | Orc:1    | Entered Level 1 of the Orcish Mines
 15743 | Orc:1    | Noticed Jorgrun
 15758 | Orc:2    | Entered Level 2 of the Orcish Mines
 15964 | Orc:2    | HP: 4/92 [orc warrior/+0 halberd (25)]
 15968 | Orc:2    | Mangled by an orc warrior

Illustrated notes

Levels and vault maps discovered:
D:1:      scummos_arrival_simple_crosswalls, layout_basic,
          hellmonk_ecumenical_altar_crossroads, kennysheep_nondescript,
          hangedman_decor_slide_cut, hangedman_decor_riveting, glass_columns_c
D:2:      layout_rooms, basic_altar
D:3:      layout_loops_ring, gup_sewer_entry_bubbles, minmay_between
D:4:      layout_gridville, nicolae_ru_awakened_eye, uniq_menkaure
D:5:      layout_gridville
D:6:      layout_loops_ring, lemuel_doored_altar, minmay_temple_entry_poolview,
          gammafunk_ghost_cemetery, nicolae_shop_sticking_my_neck_out,
          uniq_crazy_yiuf_cottage, uniq_edmund
D:7:      layout_basic
D:8:      layout_basic, special_room [special_room_orc], uniq_maggie,
          uniq_joseph
D:9:      layout_basic, minmay_lair_entry_grove, minmay_misc_feat_tiny
D:10:     layout_stronghold, serial_rivers, chequers_serial_rivers_micro_a,
          chequers_serial_rivers_small_b, chequers_serial_rivers_micro_b,
          chequers_serial_rivers_large_b, chequers_serial_rivers_large_a,
          chequers_serial_rivers_micro_c, uniq_erolcha
D:11:     layout_gridville, special_room [special_room_bee], grunt_ministairs_12
D:12:     layout_long_grid, hangedman_misty_isle
D:13:     layout_small_grid, grunt_vaults_entry_tiered,
          portal_ice_cave_demonic_guard, hangedman_corner_corridor
D:14:     layout_layer_cave, minmay_crystal_room, chequers_garden,
          nicolae_splish_splash
D:15:     gammafunk_depths_entry_grave, layout_long_grid, uniq_azrael,
          uniq_louise
Temple:   mainiacjoe_temple_big_plus
Lair:1:   layout_hall_layers, nicolae_lair_liquid_snakes, serial_bayou_shore_b
Lair:2:   dreamdust_isle_of_ice, layout_cave_pods, serial_bayou_shore_b,
          uniq_harold
Lair:3:   layout_hall_layers, nicolae_spider_entry_tight_spaces,
          minmay_shattered_shrine
Lair:4:   pond_and_an_island_with_a_cottage, layout_small_grid,
          minmay_swamp_entry_reptiles, lemuel_fruit_tree
Lair:5:   nzn_winding_woodlands_medium [nzn_winding_woodlands_5x5_cross,
          nzn_winding_woodlands_5x15_parted,
          nzn_winding_woodlands_5x5_open_star, nzn_winding_woodlands_hourglass,
          nzn_winding_woodlands_center_diamonds,
          nzn_winding_woodlands_5x5_default, nzn_winding_woodlands_5x5_default,
          nzn_winding_woodlands_5x15_lazy_stream,
          nzn_winding_woodlands_5x5_default], layout_concentric_octagons,
          slime_entry_2, nicolae_lair_run_with_the_wolves
Lair:6:   evilmike_catoblepas_cave, layout_gridlike
Orc:1:    dreamdust_wu_jian_sword_trials, layout_caves, serial_shops,
          david_defended_altar_orc, uniq_jorgrun
Orc:2:    st_orc_rangers, layout_caves, basic_altar, nooodl_orcs_dogs

Skill      XL: |  1  2  3  4  5  6  7  8  9 10 11 12 13 14 15 16 |
---------------+-------------------------------------------------+-----
Armour         | 5 7 10 11 14 15 16 18 | 18.3
Dodging        | 2 3 5 6 10 | 10.0
Maces & Flails | 2 4 5 7 10 12 13 14 15 17 20 | 20.0
Conjurations   | 1 3 |  3.5
Fighting       | 3 5 10 11 14 15 | 15.9
Evocations     | 5 |  5.0
Invocations    | 2 |  2.0
Stealth        | |  1.0
Spellcasting   | |  1.3
Air Magic      | |  1.2

Action                   |  1- 3 |  4- 6 |  7- 9 | 10-12 | 13-15 | 16-18 || total
-------------------------+-------+-------+-------+-------+-------+-------++-------
Melee: Club              |    23 |       |       |       |       |       ||    23
       Whip              |   123 |   314 |       |       |       |       ||   437
       Punch             |       |     2 |     2 |     3 |       |       ||     7
       Demon whip        |       |       |   172 |    10 |       |       ||   182
       Flail             |       |       |       |   100 |       |       ||   100
       Dire flail        |       |       |       |   395 |  1001 |   359 ||  1755
 Cast: Shock             |       |     2 |       |       |       |       ||     2
Invok: Divine Shield     |       |       |       |     4 |     5 |     4 ||    13
Evoke: Wand              |       |       |       |    13 |    14 |    12 ||    39
       Tin of tremorston |       |       |       |       |       |     1 ||     1
  Use: Scroll            |     4 |     4 |     9 |    22 |     5 |     3 ||    47
       Potion            |       |     3 |     1 |     1 |       |     3 ||     8
Armor: Scale mail        |   115 |   154 |    57 |    39 |       |       ||   365
       Swamp dragon scal |       |       |       |   152 |   501 |   190 ||   843
Dodge: Dodged            |    83 |   126 |    45 |   189 |   488 |   236 ||  1167
Block: Other             |       |       |       |     9 |    22 |    36 ||    67

Table legend: (Time is in decaauts)
 A = Elapsed time spent in this place.
 B = Non-inter-level travel time spent in this place.
 C = Inter-level travel time spent in this place.
 D = Time resting spent in this place.
 E = Time spent auto-exploring this place.
 F = Levels seen in this place.
 G = Mean time per level.
                   A        B        C        D        E       F      G
               +--------+--------+--------+--------+--------+-----+--------+
         Total |  15335 |  14467 |    868 |    375 |   7765 |  25 |  613.4 |
       Dungeon |   9949 |   9496 |    453 |    345 |   5075 |  15 |  663.3 |
        Temple |    448 |    392 |     56 |      0 |    383 |   1 |  448.0 |
          Lair |   4193 |   3835 |    358 |     19 |   2135 |   6 |  698.8 |
  Orcish Mines |    311 |    311 |      0 |      3 |    136 |   2 |  155.5 |
         Sewer |    432 |    432 |      0 |      7 |     35 |   1 |  432.0 |
               +--------+--------+--------+--------+--------+-----+--------+

Top non-repeatable levels by time:
     D:1: 1097 daAuts
  Lair:6: 1032 daAuts
     D:9: 989 daAuts
  Lair:1: 950 daAuts
    D:11: 948 daAuts
     D:3: 898 daAuts
    D:10: 883 daAuts
    D:12: 770 daAuts
     D:6: 759 daAuts
     D:8: 727 daAuts
  Lair:5: 725 daAuts
  Lair:3: 659 daAuts
     D:7: 599 daAuts
    D:15: 497 daAuts
     D:5: 453 daAuts
